[ AOE2 MATCH · #476366458 ]
Team RMFranks vs Berbers
[ REPLAY ANALYSIS · EXTRACTED FROM THE RECORDED GAME ]
Feudal
—
Castle
—
Imperial
—
| APM avg | 22.2 |
| APM peak | 51 |
| eAPM avg | 10.7 |
| Villagers / military | 39 / 7 |
Focus
⚔️ 15.8% · 🌾 84.2%
Knight ×4 · Spearman ×2 · Monk ×1
Feudal
9:48
Castle
—
Imperial
—
| APM avg | 38.3 |
| APM peak | 75 |
| eAPM avg | 13.4 |
| Villagers / military | 36 / 21 |
Focus
⚔️ 21.6% · 🌾 78.4%
Scout Cavalry ×21
Feudal
11:29
Castle
15:20
Imperial
—
| APM avg | 39.5 |
| APM peak | 122 |
| eAPM avg | 16.8 |
| Villagers / military | 48 / 4 |
Focus
⚔️ 14.7% · 🌾 85.3%
Spearman ×4
Feudal
9:42
Castle
21:25
Imperial
—
| APM avg | 32.0 |
| APM peak | 95 |
| eAPM avg | 14.1 |
| Villagers / military | 43 / 14 |
Focus
⚔️ 27.9% · 🌾 72.1%
Scout Cavalry ×9 · Camel Scout ×3 · Spearman ×2
Match map
Initial resources + every placement click. Lines = walls · curves = elevation contours. ◆ gold · ⬟ stone · ● berries · ✦ relic · ◌ wall gap
Your base· Open — 7t gap
Rothius's base· Open — 5t gap
monJ3__'s base· Open — unwalled flank
pee pee stinky's base· ✓ Closed at 21:25 · 66t walls · no gate
Smoothed initial terrain · ◌ = detected wall gap · hover for details
Inputs per minute
— OutlawJozeeW - - Rothius
Build order — OutlawJozeeW
93 actions detected in the replay
| 0:09 | Build | Town Center |
| 1:11 | Create | Villager (Male) |
| 1:11 | Create | Villager (Male) |
| 1:12 | Create | Villager (Male) |
| 1:12 | Create | Villager (Male) |
| 1:12 | Create | Villager (Male) |
| 1:59 | Create | Villager (Male) |
| 1:59 | Create | Villager (Male) |
| 2:13 | Build | Lumber Camp |
| 2:14 | Create | Villager (Male) |
| 2:14 | Create | Villager (Male) |
| 2:56 | Create | Villager (Male) |
| 3:36 | Build | House |
| 3:40 | Create | Villager (Male) |
| 3:40 | Create | Villager (Male) |
| 3:40 | Create | Villager (Male) |
| 3:53 | Build | Mill |
| 4:48 | Create | Villager (Male) |
| 4:48 | Create | Villager (Male) |
| 4:49 | Create | Villager (Male) |
| 4:49 | Create | Villager (Male) |
| 6:08 | Create | Villager (Male) |
| 6:09 | Create | Villager (Male) |
| 6:54 | Create | Villager (Male) |
| 7:03 | Create | Villager (Male) |
| 7:44 | Research | Loom |
| 8:38 | Research | Feudal Age |
| 8:38 | Research | Feudal Age |
| 8:44 | Build | Barracks |
| 9:35 | Build | Palisade Gate |
| 10:07 | Create | Villager (Male) |
| 10:08 | Create | Villager (Male) |
| 10:46 | Build | House |
| 10:52 | Build | Stable |
| 11:03 | Research | Double-Bit Axe |
| 11:30 | Build | House |
| 11:44 | Create | Villager (Male) |
| 11:45 | Create | Villager (Male) |
| 12:21 | Create | Villager (Male) |
| 12:45 | Build | Blacksmith |
| 12:54 | Build | House |
| 13:05 | Create | Villager (Male) |
| 13:08 | Create | Villager (Male) |
| 13:21 | Create | Spearman |
| 13:21 | Create | Spearman |
| 13:29 | Build | House |
| 13:33 | Build | House |
| 13:34 | Build | House |
| 14:08 | Research | Castle Age |
| 14:52 | Build | House |
| 16:05 | Build | Stable |
| 16:11 | Build | Farm |
| 16:14 | Build | Farm |
| 16:16 | Build | Farm |
| 16:18 | Build | Farm |
| 16:19 | Build | Farm |
| 16:20 | Build | Farm |
| 16:22 | Build | Farm |
| 16:23 | Build | Farm |
| 16:26 | Build | Farm |
| 16:42 | Research | Wheelbarrow |
| 16:53 | Build | Town Center |
| 17:07 | Build | House |
| 17:15 | Build | Monastery |
| 17:30 | Create | Knight |
| 17:31 | Create | Knight |
| 17:40 | Build | House |
| 17:43 | Build | House |
| 17:45 | Build | House |
| 18:04 | Build | Town Center |
| 18:10 | Research | Bow Saw |
| 18:13 | Build | Lumber Camp |
| 18:25 | Create | Monk |
| 18:52 | Create | Knight |
| 18:52 | Create | Knight |
| 18:57 | Build | House |
| 18:59 | Build | House |
| 19:03 | Create | Villager (Male) |
| 19:09 | Create | Villager (Male) |
| 19:09 | Create | Villager (Male) |
| 19:53 | Create | Villager (Male) |
| 19:53 | Create | Villager (Male) |
| 20:54 | Research | Husbandry |
| 20:55 | Create | Villager (Male) |
| 20:55 | Create | Villager (Male) |
| 20:58 | Create | Villager (Male) |
| 20:58 | Create | Villager (Male) |
| 21:04 | Build | Farm |
| 21:07 | Build | Farm |
| 21:10 | Build | Farm |
| 21:12 | Build | Farm |
| 21:16 | Create | Villager (Male) |
| 21:16 | Create | Villager (Male) |
Build order — Rothius
92 actions detected in the replay
| 0:10 | Build | Town Center |
| 1:13 | Create | Villager (Male) |
| 1:13 | Create | Villager (Male) |
| 1:13 | Create | Villager (Male) |
| 1:13 | Create | Villager (Male) |
| 1:13 | Create | Villager (Male) |
| 1:52 | Create | Villager (Male) |
| 1:53 | Create | Villager (Male) |
| 2:11 | Build | Lumber Camp |
| 2:13 | Create | Villager (Male) |
| 2:14 | Create | Villager (Male) |
| 2:44 | Create | Villager (Male) |
| 2:53 | Build | House |
| 2:56 | Build | House |
| 3:06 | Create | Villager (Male) |
| 3:58 | Research | Loom |
| 3:59 | Create | Villager (Male) |
| 3:59 | Create | Villager (Male) |
| 4:20 | Create | Villager (Male) |
| 4:20 | Create | Villager (Male) |
| 5:39 | Create | Villager (Male) |
| 5:43 | Create | Villager (Male) |
| 5:43 | Create | Villager (Male) |
| 5:53 | Build | Barracks |
| 7:08 | Build | House |
| 7:23 | Build | Palisade Gate |
| 7:25 | Build | House |
| 7:38 | Research | Feudal Age |
| 8:37 | Build | Mill |
| 8:43 | Create | Villager (Male) |
| 8:51 | Build | House |
| 9:48 | Age | Feudal Age |
| 9:50 | Build | Stable |
| 9:54 | Research | Double-Bit Axe |
| 10:01 | Create | Villager (Male) |
| 10:27 | Create | Villager (Male) |
| 10:33 | Build | Stable |
| 10:51 | Build | Farm |
| 10:55 | Create | Scout Cavalry |
| 10:55 | Create | Scout Cavalry |
| 11:19 | Build | Farm |
| 11:21 | Build | Farm |
| 11:23 | Create | Villager (Male) |
| 11:26 | Create | Scout Cavalry |
| 11:27 | Create | Scout Cavalry |
| 11:32 | Create | Villager (Male) |
| 11:36 | Build | Farm |
| 12:03 | Create | Villager (Male) |
| 12:18 | Build | Farm |
| 12:22 | Build | Farm |
| 12:29 | Create | Villager (Male) |
| 12:49 | Create | Scout Cavalry |
| 12:49 | Create | Scout Cavalry |
| 13:08 | Create | Villager (Male) |
| 14:03 | Create | Villager (Male) |
| 14:05 | Create | Villager (Male) |
| 14:15 | Build | Market |
| 14:31 | Build | Blacksmith |
| 14:38 | Create | Villager (Male) |
| 14:38 | Create | Villager (Male) |
| 15:31 | Create | Scout Cavalry |
| 15:33 | Research | Bloodlines |
| 15:35 | Create | Scout Cavalry |
| 16:40 | Create | Villager (Male) |
| 16:47 | Build | House |
| 16:47 | Build | House |
| 16:49 | Build | House |
| 16:51 | Build | Farm |
| 17:02 | Research | Scale Barding Armor |
| 17:02 | Research | Forging |
| 17:18 | Create | Villager (Male) |
| 17:28 | Build | Mining Camp |
| 17:31 | Build | House |
| 17:33 | Build | House |
| 17:37 | Create | Villager (Male) |
| 18:17 | Create | Villager (Male) |
| 18:21 | Research | Wheelbarrow |
| 18:28 | Build | Farm |
| 18:56 | Create | Scout Cavalry ×5 |
| 18:57 | Create | Scout Cavalry ×5 |
| 19:20 | Create | Villager (Male) |
| 19:51 | Create | Scout Cavalry |
| 19:51 | Create | Scout Cavalry |
| 19:52 | Create | Scout Cavalry |
| 20:43 | Create | Villager (Male) |
| 20:53 | Research | Castle Age |
| 20:57 | Build | House |
| 20:59 | Build | House |
| 21:01 | Build | House |
| 21:18 | Build | Watch Tower |
| 21:22 | Research | Fletching |
| 21:42 | Build | Farm |
Build order — monJ3__
87 actions detected in the replay
| 0:12 | Build | Town Center |
| 1:23 | Create | Villager (Male) |
| 1:23 | Create | Villager (Male) |
| 1:23 | Create | Villager (Male) |
| 1:23 | Create | Villager (Male) |
| 1:24 | Create | Villager (Male) |
| 1:24 | Create | Villager (Male) |
| 1:56 | Create | Villager (Male) |
| 1:57 | Create | Villager (Male) |
| 2:28 | Build | Lumber Camp |
| 2:43 | Create | Villager (Male) |
| 2:43 | Create | Villager (Male) |
| 2:43 | Create | Villager (Male) |
| 2:43 | Create | Villager (Male) |
| 2:43 | Create | Villager (Male) |
| 2:44 | Create | Villager (Male) |
| 2:49 | Build | House |
| 3:07 | Create | Villager (Male) |
| 3:07 | Create | Villager (Male) |
| 3:32 | Create | Villager (Male) |
| 3:33 | Create | Villager (Male) |
| 4:30 | Create | Villager (Male) |
| 4:30 | Create | Villager (Male) |
| 4:30 | Create | Villager (Male) |
| 4:30 | Create | Villager (Male) |
| 4:30 | Create | Villager (Male) |
| 4:30 | Create | Villager (Male) |
| 4:38 | Create | Villager (Male) |
| 4:38 | Create | Villager (Male) |
| 4:50 | Build | Mill |
| 5:44 | Create | Villager (Male) |
| 5:45 | Create | Villager (Male) |
| 5:57 | Create | Villager (Male) |
| 5:57 | Create | Villager (Male) |
| 5:57 | Create | Villager (Male) |
| 5:58 | Create | Villager (Male) |
| 5:58 | Create | Villager (Male) |
| 6:57 | Create | Villager (Male) |
| 6:57 | Create | Villager (Male) |
| 6:57 | Create | Villager (Male) |
| 6:58 | Create | Villager (Male) |
| 7:30 | Create | Villager (Male) |
| 8:11 | Build | Mining Camp |
| 8:44 | Research | Feudal Age |
| 9:24 | Build | Mill |
| 10:31 | Build | Palisade Wall |
| 10:34 | Build | Palisade Wall |
| 10:35 | Build | Palisade Wall |
| 11:08 | Research | Loom |
| 11:29 | Age | Feudal Age |
| 11:36 | Build | Market |
| 11:41 | Build | Blacksmith |
| 11:50 | Build | Palisade Wall |
| 12:09 | Create | Villager (Male) |
| 12:09 | Create | Villager (Male) |
| 12:40 | Research | Castle Age |
| 14:25 | Build | Barracks |
| 14:35 | Research | Scale Mail Armor |
| 14:45 | Create | Villager (Male) |
| 14:46 | Create | Villager (Male) |
| 14:46 | Create | Villager (Male) |
| 14:49 | Build | Farm |
| 14:50 | Build | Farm |
| 14:50 | Build | Farm |
| 14:51 | Build | Farm |
| 14:52 | Build | Farm |
| 15:07 | Create | Spearman |
| 15:07 | Create | Spearman |
| 15:20 | Age | Castle Age |
| 15:31 | Research | Forging |
| 15:34 | Build | House |
| 15:54 | Build | Palisade Wall |
| 16:07 | Build | House |
| 16:09 | Build | House |
| 16:12 | Create | Spearman |
| 16:15 | Research | Chain Mail Armor |
| 16:53 | Build | Farm |
| 16:54 | Build | Farm |
| 17:03 | Build | Farm |
| 17:18 | Create | Spearman |
| 17:19 | Research | Pikeman (upgrade) |
| 17:47 | Build | Castle |
| 18:17 | Create | Villager (Male) |
| 20:31 | Create | Villager (Male) |
| 20:32 | Create | Villager (Male) |
| 20:32 | Create | Villager (Male) |
| 20:32 | Create | Villager (Male) |
Build order — pee pee stinky
118 actions detected in the replay
| 0:10 | Build | Town Center |
| 1:42 | Create | Villager (Male) |
| 1:43 | Create | Villager (Male) |
| 1:43 | Create | Villager (Male) |
| 1:43 | Create | Villager (Male) |
| 2:12 | Create | Villager (Male) |
| 2:26 | Create | Villager (Male) |
| 2:27 | Create | Villager (Male) |
| 3:09 | Create | Villager (Male) |
| 3:10 | Create | Villager (Male) |
| 3:10 | Create | Villager (Male) |
| 3:57 | Build | Lumber Camp |
| 4:09 | Create | Villager (Male) |
| 4:09 | Create | Villager (Male) |
| 4:09 | Create | Villager (Male) |
| 4:53 | Create | Villager (Male) |
| 4:53 | Create | Villager (Male) |
| 5:40 | Research | Loom |
| 6:30 | Build | Mining Camp |
| 7:07 | Research | Feudal Age |
| 7:26 | Build | House |
| 7:28 | Build | Palisade Wall |
| 8:09 | Build | Barracks |
| 8:17 | Build | House |
| 8:24 | Build | House |
| 9:23 | Build | House |
| 9:42 | Age | Feudal Age |
| 9:50 | Create | Villager (Male) |
| 10:06 | Build | Palisade Wall |
| 10:12 | Build | Stable |
| 10:17 | Build | House |
| 10:30 | Build | Palisade Wall |
| 10:34 | Create | Villager (Male) |
| 10:35 | Create | Villager (Male) |
| 10:38 | Create | Villager (Male) |
| 10:46 | Create | Villager (Male) |
| 11:06 | Build | Stone Wall |
| 11:10 | Create | Villager (Male) |
| 11:12 | Create | Scout Cavalry |
| 11:12 | Create | Scout Cavalry |
| 11:13 | Create | Scout Cavalry |
| 11:14 | Create | Spearman |
| 11:49 | Build | Blacksmith |
| 12:02 | Research | Double-Bit Axe |
| 12:14 | Create | Scout Cavalry |
| 12:23 | Build | Stone Wall |
| 12:24 | Build | Stone Wall |
| 12:34 | Build | House |
| 12:36 | Build | House |
| 12:37 | Create | Spearman |
| 12:52 | Create | Villager (Male) |
| 12:53 | Create | Villager (Male) |
| 12:53 | Create | Villager (Male) |
| 13:04 | Build | Mill |
| 13:07 | Create | Villager (Male) |
| 13:20 | Build | Stone Wall |
| 13:24 | Build | Stone Wall |
| 13:29 | Build | Stone Wall |
| 13:45 | Create | Villager (Male) |
| 13:45 | Create | Villager (Male) |
| 13:51 | Build | Farm |
| 13:53 | Build | Farm |
| 13:54 | Build | Farm |
| 14:16 | Create | Villager (Male) |
| 14:22 | Create | Villager (Male) |
| 14:29 | Build | Farm |
| 14:30 | Build | Farm |
| 14:39 | Create | Villager (Male) |
| 14:47 | Build | Farm |
| 15:14 | Create | Villager (Male) |
| 15:20 | Build | Farm |
| 15:21 | Build | Farm |
| 15:25 | Build | Farm |
| 15:59 | Create | Villager (Male) |
| 16:03 | Build | Farm |
| 16:03 | Build | Farm |
| 16:05 | Build | Farm |
| 16:06 | Build | Farm |
| 16:07 | Build | Farm |
| 16:23 | Create | Villager (Male) |
| 16:30 | Build | Farm |
| 16:35 | Build | Farm |
| 16:37 | Build | Farm |
| 16:39 | Create | Scout Cavalry |
| 16:40 | Create | Villager (Male) |
| 16:43 | Build | Farm |
| 17:17 | Build | Market |
| 17:25 | Build | Palisade Wall |
| 17:26 | Build | Palisade Wall |
| 17:32 | Create | Villager (Male) |
| 17:50 | Build | Mining Camp |
| 17:55 | Create | Scout Cavalry |
| 18:45 | Research | Castle Age |
| 18:49 | Build | Farm |
| 18:52 | Create | Scout Cavalry |
| 19:18 | Research | Forging |
| 19:33 | Build | Farm |
| 19:34 | Build | Farm |
| 19:37 | Create | Scout Cavalry |
| 20:05 | Create | Scout Cavalry |
| 20:26 | Research | Bloodlines |
| 20:38 | Create | Villager (Male) |
| 20:46 | Research | Horse Collar |
| 20:57 | Research | Scale Barding Armor |
| 21:17 | Create | Villager (Male) |
| 21:25 | Research | Stone Mining |
| 21:25 | Age | Castle Age |
| 21:28 | Create | Camel Scout |
| 21:38 | Create | Villager (Male) |
| 22:06 | Create | Villager (Male) |
| 22:10 | Build | Stone Wall |
| 22:13 | Build | Gate |
| 22:16 | Create | Villager (Male) |
| 22:18 | Create | Camel Scout |
| 22:18 | Create | Camel Scout |
| 22:21 | Create | Villager (Male) |
| 22:22 | Create | Villager (Male) |
| 22:22 | Create | Villager (Male) |
Match timeline
| 5:53 | Rothius · first_building Barracks |
| 7:28 | pee pee stinky · wall_segment Palisade Wall x1 |
| 8:09 | pee pee stinky · first_building Barracks |
| 8:44 | OutlawJozeeW · first_building Barracks |
| 9:42 | pee pee stinky · age_up feudal |
| 9:48 | Rothius · age_up feudal |
| 9:50 | Rothius · first_building Stable |
| 10:06 | pee pee stinky · wall_segment Palisade Wall x1 |
| 10:12 | pee pee stinky · first_building Stable |
| 10:30 | pee pee stinky · wall_segment Palisade Wall x9 |
| 10:31 | monJ3__ · wall_segment Palisade Wall x1 |
| 10:34 | monJ3__ · wall_segment Palisade Wall x1 |
| 10:35 | monJ3__ · wall_segment Palisade Wall x1 |
| 10:52 | OutlawJozeeW · first_building Stable |
| 11:06 | pee pee stinky · wall_segment Stone Wall x20 |
| 11:29 | monJ3__ · age_up feudal |
| 11:50 | monJ3__ · wall_segment Palisade Wall x3 |
| 12:23 | pee pee stinky · wall_segment Stone Wall x3 |
| 12:24 | pee pee stinky · wall_segment Stone Wall x14 |
| 12:37 | monJ3__ · first_market_buy 100 food |
| 13:20 | pee pee stinky · wall_segment Stone Wall x4 |
| 13:24 | pee pee stinky · wall_segment Stone Wall x7 |
| 13:29 | pee pee stinky · wall_segment Stone Wall x3 |
| 14:25 | monJ3__ · first_building Barracks |
| 15:20 | monJ3__ · age_up castle |
| 15:54 | monJ3__ · wall_segment Palisade Wall x1 |
| 17:15 | OutlawJozeeW · first_building Monastery |
| 17:25 | pee pee stinky · wall_segment Palisade Wall x2 |
| 17:26 | pee pee stinky · wall_segment Palisade Wall x3 |
| 17:44 | Rothius · first_market_buy 100 food |
| 17:47 | monJ3__ · first_building Castle |
| 18:27 | pee pee stinky · first_market_sell 100 wood |
| 18:29 | pee pee stinky · first_market_buy 100 food |
| 20:22 | Rothius · first_market_sell 500 wood |
| 21:25 | pee pee stinky · age_up castle |
| 21:57 | monJ3__ · resign |
| 22:10 | pee pee stinky · wall_segment Stone Wall x1 |
[ AI ANALYSIS · 1 CREDIT ]
What really happened in this match?
Wolo.gg analyzes every decision: build order, eco, micro, common mistakes by bracket. Personalized analysis on WhatsApp or Discord in 30 seconds.
Civ guide
Franks
Map guide
Steppe
Perfil
OutlawJozeeW